 Dungeon Crawl Stone Soup version 0.23-a0-539-g3f6f39f (webtiles) character file.

194 Lanoc the Ducker (level 5, -1/47 HPs)
             Began as a Gnoll Monk on Dec 7, 2018.
             Was a Priest of Yredelemnul.
             Slain by Grinder (4 damage)
             ... on level 3 of the Dungeon.
             The game lasted 00:05:15 (1664 turns).

Lanoc the Ducker (Gnoll Monk)                       Turns: 1664, Time: 00:05:16

Health: -1/47      AC:  6    Str: 14    XL:     5   Next: 73%
Magic:  7/7        EV: 15    Int: 12    God:    Yredelemnul [***...]
Gold:   110        SH:  0    Dex: 18    Spells: 7/7 levels left

rFire    . . .     SeeInvis .   a - +0 hand axe
rCold    . . .     Gourm    .   (no shield)
rNeg     . . .     Faith    .   f - +3 leather armour
rPois    .         Spirit   .   (no helmet)
rElec    .         Reflect  .   (no cloak)
rCorr    .         Harm     .   (no gloves)
MR       .....                  (no boots)
Stlth    ++........             (no amulet)
HPRegen  0.15/turn              (no ring)
MPRegen  0.10/turn              (no ring)

@: heavily drained
A: distributed training, fangs 1, strong nose
a: Recall Undead Slaves, Injury Mirror, Animate Dead, Renounce Religion


You were on level 3 of the Dungeon.
You worshipped Yredelemnul.
Yredelemnul was most pleased with you.
You were not hungry.

You visited 1 branch of the dungeon, and saw 3 of its levels.

You collected 110 gold pieces.

Inventory:

Hand Weapons
 a - a +0 hand axe (weapon)
Missiles
 b - 23 sling bullets
 d - 16 bolts
 i - 22 arrows
 p - a javelin of penetration (quivered)
Armour
 f - a +3 leather armour (worn)
Scrolls
 e - a scroll of teleportation {unknown}
 h - a scroll of amnesia {unknown}
 j - a scroll of magic mapping {unknown}
 k - a scroll of fear {unknown}
 l - 2 scrolls of remove curse {unknown}
 m - 2 scrolls of identify {unknown}
Comestibles
 c - 6 rations
 o - 3 chunks of flesh


   Skills:
 + Level 6.7(5.2) Fighting
 + Level 1.6(0.3) Short Blades
 + Level 1.6(0.3) Long Blades
 + Level 6.7(5.2) Axes
 + Level 1.6(0.3) Maces & Flails
 + Level 1.6(0.3) Polearms
 + Level 1.6(0.3) Staves
 + Level 1.6(0.3) Slings
 + Level 1.6(0.3) Bows
 + Level 1.6(0.3) Crossbows
 + Level 1.6(0.3) Throwing
 + Level 1.6(0.3) Armour
 + Level 6.7(5.2) Dodging
 + Level 4.4(3.0) Stealth
 + Level 1.6(0.3) Shields
 + Level 1.6(0.3) Unarmed Combat
 + Level 1.6(0.3) Spellcasting
 + Level 1.2(0.0) Conjurations
 + Level 1.2(0.0) Hexes
 + Level 1.2(0.0) Charms
 + Level 1.2(0.0) Summonings
 + Level 1.2(0.0) Necromancy
 + Level 1.2(0.0) Translocations
 + Level 1.2(0.0) Transmutations
 + Level 1.2(0.0) Fire Magic
 + Level 1.2(0.0) Ice Magic
 + Level 1.2(0.0) Air Magic
 + Level 1.2(0.0) Earth Magic
 + Level 1.2(0.0) Poison Magic
 + Level 1.8(0.5) Invocations
 + Level 1.6(0.3) Evocations


You had 7 spell levels left.
You didn't know any spells.
Your spell library was empty.

Dungeon Overview and Level Annotations

Branches:
Dungeon (3/15)

Altars:
Ashenzari
Hepliaklqana
Ru
Yredelemnul

Annotations:
D:3 Grinder


Innate Abilities, Weirdness & Mutations

Your experience applies equally to all skills.
You have very sharp teeth.
Your uncanny sense of smell can sniff out nearby items.


Message History

The javelin of penetration pierces through Grinder but does no damage.
Grinder is heavily wounded.
Throwing (i - inventory)
p - 2 javelins of penetration (quivered)
Press: ? - help, Shift-Dir - straight line, f/p - Grinder
Aim: Grinder (heavily wounded)
You throw a javelin of penetration.
The javelin of penetration pierces through Grinder.
Grinder is severely wounded.
Grinder gestures at you. Pain shoots through your body!
* * * LOW HITPOINT WARNING * * *
Grinder gestures at you. Pain shoots through your body!
* * * LOW HITPOINT WARNING * * *
It was a potion of magic.
Magic courses through your body.
It was a potion of mutation.
You feel extremely strange.
You feel frail.
You feel robust. Grinder hits you.
You die...
Your body rises from the dead as a mindless zombie.

....###..# #...##
.....)...# 8...8
.......#### #...#
....<.....# #...#
.###.#...<# ##..(## .#
#.#....# #8...8#
.###.#..### ## #.).# ## #
...#.#..#8###8##5l.##8###8#
##..............@..........
##.###............)).......
##.###)............).......
........#8###8##..)##8###8#
........########...####
......#.......#8...8#
......#######.##...##
####### #.##...# #.##...##


You could see Grinder and a frilled lizard.

Vanquished Creatures
  Natasha (twice) (D:2)
  Terence (D:3)
  4 adders
  An ooze (D:2)
  2 worms (D:3)
  3 dart slugs
  A leopard gecko (D:3)
  A giant cockroach (D:1)
  9 goblins
  9 hobgoblins
  8 jackals
  A quokka (D:2)
  6 bats
  A frilled lizard (D:2)
  11 kobolds
  5 rats
65 creatures vanquished.

Vanquished Creatures (collateral kills)
  A bat (D:3)
1 creature vanquished.

Vanquished Creatures (others)
  A wight (D:3)
1 creature vanquished.

Grand Total: 67 creatures vanquished

Notes
Turn   | Place    | Note
-------+----------+-------------------------------------------
     0 | D:1      | Lanoc the Gnoll Monk began the quest for the Orb.
     0 | D:1      | Reached XP level 1. HP: 23/23 MP: 1/1
   340 | D:1      | Reached XP level 2. HP: 28/29 MP: 2/2
   704 | D:1      | Reached XP level 3. HP: 35/35 MP: 3/3
   747 | D:2      | Found a faded altar of an unknown god.
   756 | D:2      | Became a worshipper of Yredelemnul the Dark
   756 | D:2      | Reached * piety under Yredelemnul
   756 | D:2      | Reached ** piety under Yredelemnul
   824 | D:2      | Noticed Natasha
   845 | D:2      | Killed Natasha
   845 | D:2      | Reached skill level 1 in Short Blades
   845 | D:2      | Reached skill level 1 in Long Blades
   845 | D:2      | Reached skill level 1 in Maces & Flails
   845 | D:2      | Reached skill level 1 in Polearms
   845 | D:2      | Reached skill level 1 in Staves
   845 | D:2      | Reached skill level 1 in Slings
   845 | D:2      | Reached skill level 1 in Bows
   845 | D:2      | Reached skill level 1 in Crossbows
   845 | D:2      | Reached skill level 1 in Throwing
   845 | D:2      | Reached skill level 1 in Armour
   845 | D:2      | Reached skill level 1 in Shields
   845 | D:2      | Reached skill level 1 in Unarmed Combat
   845 | D:2      | Reached skill level 1 in Spellcasting
   845 | D:2      | Reached skill level 1 in Invocations
   845 | D:2      | Reached skill level 1 in Evocations
   917 | D:2      | Found a shattered altar of Ashenzari.
   987 | D:2      | Noticed Natasha
   998 | D:2      | Killed Natasha
   998 | D:2      | Reached XP level 4. HP: 30/41 MP: 5/5
  1017 | D:2      | Reached *** piety under Yredelemnul
  1040 | D:2      | Reached skill level 1 in Conjurations
  1040 | D:2      | Reached skill level 1 in Hexes
  1040 | D:2      | Reached skill level 1 in Charms
  1040 | D:2      | Reached skill level 1 in Summonings
  1040 | D:2      | Reached skill level 1 in Necromancy
  1040 | D:2      | Reached skill level 1 in Translocations
  1040 | D:2      | Reached skill level 1 in Transmutations
  1040 | D:2      | Reached skill level 1 in Fire Magic
  1040 | D:2      | Reached skill level 1 in Ice Magic
  1040 | D:2      | Reached skill level 1 in Air Magic
  1040 | D:2      | Reached skill level 1 in Earth Magic
  1040 | D:2      | Reached skill level 1 in Poison Magic
  1080 | D:2      | Found a hazy altar of Hepliaklqana.
  1082 | D:2      | Found a sacrificial altar of Ru.
  1276 | D:2      | Reached XP level 5. HP: 44/47 MP: 6/6
  1506 | D:3      | Noticed Terence
  1550 | D:3      | Killed Terence
  1610 | D:3      | Received a gift from Yredelemnul (a wight)
  1649 | D:3      | Noticed Grinder
  1655 | D:3      | Paralysed by Grinder for 5 turns
  1664 | D:3      | Gained mutation: You are frail. (-10% HP) [potion of
                  | mutation]
  1664 | D:3      | Lost mutation: You are frail. (-10% HP) [potion of
                  | mutation]
  1664 | D:3      | Slain by Grinder

Vault maps used:
D:1:      lemuel_arrival_room
D:2:      ashenzari_altar_1, chequers_temple_overflow_statue_of_worship,
          chequers_ecumenical_altar_simple, grunt_ministairs_2, uniq_natasha
D:3:      serial_corexii_hall, corexii_hall_statues_x, corexii_hall_statues_l,
          grunt_ministairs_12, uniq_robin, uniq_grinder, uniq_terence

Skill      XL: |  1  2  3  4 |
---------------+-------------+-----
Short Blades   | 1 |  1.6
Long Blades    | 1 |  1.6
Maces & Flails | 1 |  1.6
Polearms       | 1 |  1.6
Staves         | 1 |  1.6
Slings         | 1 |  1.6
Bows           | 1 |  1.6
Crossbows      | 1 |  1.6
Throwing       | 1 |  1.6
Armour         | 1 |  1.6
Shields        | 1 |  1.6
Unarmed Combat | 1 |  1.6
Spellcasting   | 1 |  1.6
Invocations    | 1 |  1.8
Evocations     | 1 |  1.6
Conjurations   | 1 |  1.2
Hexes          | 1 |  1.2
Charms         | 1 |  1.2
Summonings     | 1 |  1.2
Necromancy     | 1 |  1.2
Translocations | 1 |  1.2
Transmutations | 1 |  1.2
Fire Magic     | 1 |  1.2
Ice Magic      | 1 |  1.2
Air Magic      | 1 |  1.2
Earth Magic    | 1 |  1.2
Poison Magic   | 1 |  1.2
Fighting       | |  6.7
Axes           | |  6.7
Dodging        | |  6.7
Stealth        | |  4.4

Action                   |  1- 3 |  4- 6 || total
-------------------------+-------+-------++-------
Melee: Hand axe          |    93 |   142 ||   235
       Bite              |    10 |    22 ||    32
       Punch             |     2 |       ||     2
Throw: Javelin           |       |     2 ||     2
Invok: Injury Mirror     |       |     1 ||     1
  Use: Potion            |     1 |     2 ||     3
 Stab: Sleeping          |     8 |     1 ||     9
  Eat: Chunk             |       |     3 ||     3
Armor: Robe              |     2 |       ||     2
       Leather armour    |    13 |    30 ||    43
Dodge: Dodged            |    76 |   101 ||   177

Table legend:
 A = Non-vault XP
 B = Vault XP
 C = Vault XP percentage of total XP
 D = Non-vault monster count
 E = Vault monster count
 F = Vault count percentage of total count
                 A         B        C        D         E       F
            +---------+---------+-------+---------+---------+-------
      Total |     181 |      97 |  34.9 |      50 |      16 |  24.2
            +---------+---------+-------+---------+---------+-------
        D:1 |      34 |       0 |   0.0 |      19 |       0 |   0.0
        D:2 |      89 |      45 |  33.6 |      15 |       6 |  28.6
        D:3 |      58 |      52 |  47.3 |      16 |      10 |  38.5
            +---------+---------+-------+---------+---------+-------
